Map: Data-C

Players

Elazer

  • Race: Zerg Zerg
  • Spawn Location: 3:00

MaNa - Winner!

  • Race: Protoss Protoss
  • Spawn Location: 9:00

Event: DreamHack SC2 Masters 2022 Atlanta (Offline)

VOD

Have the link to the VOD?

Description

Time

  • Played on: Nov. 18, 2022, 1:58 p.m.
  • Length: 11:47

All games in this series

Show
View Real Time Build Order
Export as new Build Order

Elazer Zerg 

Build Orders: Hatch First 

Get SALT Encoding   

  12  0:00  Drone  
  13  0:12  Overlord  
  13  0:17  Drone  
  14  0:30  Drone x2  
  16  0:48  Hatchery  
  15  0:51  Drone  
  15  0:55  Drone  
  17  0:58  Drone  
  18  1:09  Extractor  
  17  1:13  Spawning Pool  
  17  1:17  Drone  
  17  1:20  Drone  
  18  1:27  Drone  
  19  1:39  Drone  
  20  1:49  Overlord  
  20  1:59  Queen  
  20  2:00  Queen  
  20  2:01  Zergling x2, Drone  
  26  2:11  Zergling x2  
  26  2:12  Drone  
  26  2:14  Metabolic Boost  
  28  2:22  Drone x2  
  30  2:31  Drone  
  30  2:33  Drone  
  32  2:37  Queen  
  32  2:43  Overlord  
  34  2:44  Drone  
  35  2:53  Hatchery  
  34  2:59  Queen  
  34  3:03  Drone  
  34  3:04  Drone  
  39  3:05  Drone  
  39  3:10  Drone x2  
  39  3:11  Drone  
  42  3:16  Queen  
  44  3:21  Overlord  
  44  3:24  Overlord  
  44  3:32  Spore Crawler  
  44  3:34  Drone  
  44  3:37  Overlord  
  44  3:39  Queen  
  46  3:44  Drone x3  
  46  3:48  Drone x2  
  51  3:49  Drone  
  52  3:56  Drone x5  
  52  4:01  Queen  
  59  4:07  Overlord  
  59  4:10  Drone x3  
  59  4:13  Overlord  
  62  4:18  Overlord  
  62  4:19  Overlord  
  62  4:25  Queen  
  62  4:27  Zergling x4  
  66  4:39  Drone x6  
  66  4:40  Drone  
  72  4:47  Drone x7  
  72  4:52  Drone x2  
  78  4:56  Drone  
  77  5:06  Extractor x2, Evolution Chamber  
  73  5:10  Spore Crawler, Drone x3  
  75  5:15  Drone x2  
  75  5:16  Hatchery, Overlord  
  75  5:17  Zergling x6  
  78  5:24  Lair  
  78  5:25  Zergling x4  
  79  5:29  Zergling x2  
  80  5:37  Zerg Melee Weapons Level 1  
  80  5:39  Zergling x6  
  80  5:40  Hatchery  
  82  5:43  Zergling x6  
  82  5:45  Zergling x2  
  82  5:46  Zergling x6  
  89  5:50  Zergling x10  
  89  6:07  Drone x3  
  88  6:12  Drone x8  
  88  6:18  Drone x4  
  96  6:25  Drone x2, Extractor  
  97  6:28  Spire, Extractor  
  97  6:31  Extractor  
  97  6:32  Drone x2  
  93  6:34  Drone  
  93  6:36  Zergling x2  
  93  6:39  Baneling Nest  
  93  6:40  Zergling x10  
  93  6:45  Overlord  
  98  6:50  Zergling x8  
  98  6:51  Zergling x2  
  103  6:56  Zergling x8  
  102  7:03  Zergling x6  
  101  7:10  Zergling x10  
  75  7:37  Zergling x34  
  75  7:41  Mutalisk x4  
  75  7:43  Zerg Flyer Weapons Level 1  
  93  7:50  Mutalisk x3  
  99  7:52  Overlord  
  99  7:53  Drone x7  
  101  8:02  Drone x4  
  102  8:08  Drone x3  
  105  8:17  Drone x5  
  110  8:21  Mutalisk  
  110  8:26  Overlord  
  110  8:33  Drone x6  
  116  8:38  Zerg Melee Weapons Level 2, Overlord  
  114  8:45  Zergling x10  
  119  8:49  Centrifugal Hooks  
  119  9:00  Drone x4  
  123  9:03  Mutalisk x3  
  129  9:12  Overlord  
  129  9:14  Drone x2  
  129  9:15  Drone x4  
  129  9:16  Roach Warren  
  134  9:20  Zergling x14  
  141  9:29  Zergling x10  
  142  9:32  Baneling x11  
  142  9:33  Baneling x4  
  142  9:39  Zergling x10  
  134  9:50  Zergling x2  
  134  9:51  Zergling x6  
  116  9:57  Queen  
  116  9:58  Queen  
  105  10:00  Mutalisk x5  
  105  10:06  Zergling x8  
  93  10:21  Zergling x14  
  89  10:29  Zergling x6  
  89  10:30  Zergling x2  
  89  10:34  Drone x2  
  92  10:40  Mutalisk x2  
  90  10:43  Drone x2  
  90  10:47  Drone x2  
  89  10:55  Drone x2  
  91  11:01  Drone x2  
  93  11:07  Drone  
  93  11:08  Drone x2  
  96  11:15  Hatchery  
  92  11:21  Drone x6  
  94  11:40  Hatchery  
Show
View Real Time Build Order
Export as new Build Order

MaNa Protoss - Winner!

Build Orders: 1 Gate Expand, Oracle Opening 

Get SALT Encoding   

  12  0:00  Probe  
  13  0:12  Probe  
  14  0:19  Pylon  
  14  0:24  Probe  
  15  0:38  Probe (Chrono Boost)  
  16  0:43  Gateway  
  16  0:46  Probe (Chrono Boost)  
  16  0:49  Assimilator  
  17  0:52  Probe (Chrono Boost)  
  18  1:04  Probe (Chrono Boost)  
  19  1:13  Probe (Chrono Boost)  
  20  1:18  Probe  
  21  1:31  Nexus  
  21  1:41  Cybernetics Core  
  21  1:44  Probe  
  22  1:51  Assimilator  
  22  1:57  Pylon  
  22  1:59  Probe  
  23  2:15  Adept (Chrono Boost), Probe  
  24  2:19  Stargate  
  26  2:27  Probe  
  27  2:32  Warp Gate  
  27  2:38  Adept  
  27  2:42  Probe (Chrono Boost)  
  27  2:43  Probe (Chrono Boost)  
  31  2:54  Probe (Chrono Boost)  
  31  2:56  Probe (Chrono Boost)  
  33  2:59  Probe (Chrono Boost)  
  33  3:03  Probe  
  39  3:07  Void Ray (Chrono Boost)  
  39  3:09  Probe  
  40  3:15  Pylon  
  40  3:20  Probe  
  40  3:21  Gateway  
  40  3:22  Probe  
  42  3:32  Probe  
  43  3:34  Probe  
  44  3:42  Nexus  
  44  3:45  Oracle (Chrono Boost)  
  47  3:51  Pylon  
  47  3:56  Probe x2  
  47  4:02  Pylon  
  49  4:08  Probe x2  
  51  4:15  Oracle  
  54  4:20  Twilight Council, Probe x2  
  54  4:22  Adept  
  58  4:26  Adept  
  60  4:32  Probe x2  
  62  4:46  Probe  
  62  4:51  Gateway  
  63  4:54  Oracle, Gateway  
  63  4:56  Gateway  
  63  4:57  Probe  
  63  4:59  Probe x2  
  67  5:09  Probe  
  67  5:11  Probe x2  
  67  5:13  Adept x2  
  72  5:21  Probe  
  72  5:23  Probe  
  72  5:24  Probe  
  72  5:28  Gateway x2  
  75  5:33  Probe  
  75  5:34  Resonating Glaives (Chrono Boost)  
  76  5:36  Adept x2  
  76  5:37  Probe x2  
  82  5:49  Assimilator  
  82  5:50  Assimilator  
  82  5:55  Probe  
  83  5:57  Stalker  
  83  6:01  Shield Battery  
  85  6:09  Pylon  
  85  6:10  Pylon  
  83  6:17  Protoss Air Weapons Level 1  
  80  6:18  Adept x2  
  80  6:22  Pylon  
  80  6:24  Pylon  
  79  6:33  Probe  
  79  6:35  Adept x5  
  79  6:39  Adept x2  
  94  6:40  Probe x2  
  96  6:49  Probe, Forge x2  
  96  6:51  Nexus  
  96  6:52  Probe x2  
  99  6:56  Adept x5  
  99  7:01  Probe  
  109  7:04  Probe x2  
  110  7:09  Adept x2  
  110  7:10  Protoss Ground Weapons Level 1 (Chrono Boost), Protoss Ground Armor Level 1 (Chrono Boost)  
  110  7:18  Probe  
  110  7:20  Probe  
  110  7:22  Stalker x3  
  116  7:26  Charge (Chrono Boost)  
  114  7:32  Gateway  
  114  7:33  Probe  
  114  7:34  Gateway  
  114  7:36  Gateway  
  103  7:44  Zealot x4  
  103  7:45  Zealot x3  
  111  7:54  Phoenix  
  111  7:59  Probe  
  111  8:04  Nexus, Probe  
  109  8:05  Zealot x2  
  109  8:06  Zealot x2  
  109  8:11  Photon Cannon  
  117  8:17  Pylon  
  117  8:22  Probe x2  
  117  8:23  Phoenix  
  115  8:38  Pylon  
  115  8:40  Pylon  
  115  8:41  Stargate  
  115  8:42  Pylon  
  115  8:48  Phoenix  
  117  8:50  Shield Battery, Nexus  
  117  8:54  Photon Cannon  
  117  8:55  Shield Battery, Photon Cannon, Pylon  
  117  8:57  Zealot x4  
  125  9:05  Templar Archives  
  125  9:09  Zealot x2  
  129  9:10  Zealot x2  
  129  9:11  Zealot  
  129  9:13  Phoenix  
  137  9:18  Zealot x3  
  137  9:23  Probe x2  
  145  9:41  Probe  
  145  9:44  Probe  
  145  9:45  Probe  
  146  9:51  Phoenix (Chrono Boost)  
  146  9:52  Phoenix (Chrono Boost)  
  136  9:53  Probe  
  136  9:56  Zealot x3, Probe  
  136  9:57  Zealot x4, Probe  
  139  10:05  Probe  
  134  10:07  Probe  
  134  10:08  Probe  
  134  10:09  Probe  
  129  10:14  Phoenix x2 (Chrono Boost)  
  129  10:17  Assimilator  
  129  10:18  Assimilator  
  119  10:28  High Templar x2  
  119  10:29  Zealot x5  
  119  10:31  Probe x3, Assimilator  
  119  10:32  Probe  
  119  10:33  Assimilator  
  123  10:43  Probe x2  
  121  10:50  Archon  
  121  10:55  Phoenix x2  
  121  10:56  Zealot x3, High Templar x2  
  121  10:57  Zealot x3  
  131  11:03  Archon  
  129  11:09  Zealot x2  
  128  11:23  High Templar  
  128  11:24  Zealot x4, High Templar  
  140  11:27  Photon Cannon  
  140  11:28  Archon  
  140  11:30  Pylon  
  140  11:31  Zealot x4  
  148  11:34  Photon Cannon  
Tags
 
Add a new tag
Caveats
  • Supply blocks, unpowered buildings, or Contaminate may cause inaccurate times.
  • Supply counts are checked every 10 seconds.